 Dungeon Crawl Stone Soup version 0.24-a0-784-g601f8f6d22 (webtiles) character file.

Game seed: 13228474526557095353, levelgen mode: deterministic

361 Froggeryz the Slicer (level 6, -1/39 HPs)
             Began as a Kobold Chaos Knight on Oct 9, 2019.
             Was a Plaything of Xom.
             Slain by a komodo dragon (shapeshifter) (20 damage)
             ... on level 5 of the Dungeon.
             The game lasted 00:10:12 (3795 turns).

Froggeryz the Slicer (Kobold Chaos Knight)          Turns: 3795, Time: 00:10:12

Health: -1/39      AC:  8    Str:  7    XL:     6   Next: 99%
Magic:  6/6        EV: 16    Int: 13    God:    Xom [.*....]
Gold:   133        SH:  0    Dex: 16    Spells: 5/5 levels left

rFire    . . .     SeeInvis .   a - +1 short sword (chaos)
rCold    . . .     Gourm    .   (shield restricted)
rNeg     . . .     Faith    .   b - +3 leather armour
rPois    .         Spirit   .   x - +1 helmet
rElec    .         Reflect  .   (no cloak)
rCorr    .         Harm     .   (no gloves)
MR       .....                  (no boots)
Stlth    +.........             (no amulet)
HPRegen  0.13/turn              e - -3 ring of strength
MPRegen  0.10/turn              (no ring)

@: hasted, very quick
A: small, carnivore
a: Renounce Religion


You were on level 5 of the Dungeon.
You worshipped Xom.
You were a plaything of Xom.
You were completely stuffed.

You visited 1 branch of the dungeon, and saw 5 of its levels.
You also visited: Sewer.

You collected 133 gold pieces.

Inventory:

Hand Weapons
 a - a +1 short sword of chaos (weapon)
 g - a +0 short sword
 k - a +0 hand crossbow
Missiles
 l - 20 bolts
 m - 5 curare-tipped darts
 u - 11 poisoned darts (quivered)
Armour
 b - a +3 leather armour (worn)
 p - a +0 plate armour
 x - a +1 helmet (worn)
Jewellery
 e - a -3 ring of strength (left hand)
Wands
 s - a wand of polymorph (4)
Scrolls
 h - 3 scrolls of enchant weapon
 n - a scroll of identify
 r - a scroll of fog
Potions
 d - 3 potions of brilliance
 j - 5 potions of curing
 o - a potion of flight {unknown}
 q - a potion of magic
 t - a potion of invisibility {unknown}
 v - a potion of berserk rage {unknown}
Comestibles
 c - 6 rations
 f - 9 chunks of flesh


   Skills:
 - Level 4.5 Fighting
 * Level 8.1 Short Blades
 - Level 0.7 Armour
 + Level 3.8 Dodging


You had 5 spell levels left.
You didn't know any spells.
Your spell library was empty.

Dungeon Overview and Level Annotations

Branches:
Dungeon (5/15)              Sewer (visited)
 Temple: D:4-7

Altars:
Xom
The Shining One


Innate Abilities, Weirdness & Mutations

You are small and have problems with some larger weapons.
You are carnivorous and can eat meat at any time.


Message History

The shapeshifter is lightly wounded.
The shapeshifter changes into a komodo dragon!
You hit the komodo dragon but do no damage.
The komodo dragon is poisoned.
It was a potion of curing.
You feel better.
Xom roars with laughter!
The komodo dragon bites you!
It was a potion of haste.
You feel yourself speed up. "Serve the toy, my child!"
The komodo dragon completely misses you.
As you read the scroll labeled POT FOVUWANO, it crumbles to dust.
You feel as if something is helping you.
It was a scroll of remove curse.
The komodo dragon bites you!!
* * * LOW HITPOINT WARNING * * *
You feel better.
Your shadow imp hits the komodo dragon but does no damage.
The komodo dragon bites you!!
Ouch! That really hurt!
You die...
Xom bursts into laughter! ######### #$...5l@# #.#######

You could see a komodo dragon shaped shifter and a friendly shadow imp.

Vanquished Creatures
  A jelly (D:3)
  3 orc wizards
  A howler monkey skeleton (D:4)
  9 adders
  2 river rats (D:3)
  A worm (D:2)
  3 dart slugs
  A leopard gecko (D:1)
  9 orcs
  6 ball pythons
  10 bats
  4 giant cockroaches
  7 hobgoblins
  4 jackals (Sewer)
  18 kobolds
  A quokka (D:3)
  6 frilled lizards
  4 goblins
  5 rats
  A plant (Sewer)
96 creatures vanquished.

Vanquished Creatures (collateral kills)
  Jessica (D:2)
  A leopard gecko (D:3)
  3 orcs (D:3)
5 creatures vanquished.

Vanquished Creatures (others)
  5 dream sheep (D:4)
5 creatures vanquished.

Grand Total: 106 creatures vanquished

Notes
Turn   | Place    | Note
-------+----------+-------------------------------------------
     0 | D:1      | Froggeryz the Kobold Chaos Knight began the quest for the
                  | Orb.
     0 | D:1      | Reached XP level 1. HP: 14/14 MP: 1/1
   417 | D:1      | Reached XP level 2. HP: 14/19 MP: 2/2
   600 | D:1      | XOM: potion effect (brilliance)
   728 | D:1      | Reached XP level 3. HP: 23/24 MP: 3/3
   989 | D:1      | XOM: god gift: scroll of enchant weapon
  1016 | D:2      | Reached skill level 5 in Short Blades
  1154 | D:2      | XOM: god gift: hand crossbow {god gift}
  1219 | D:2      | Noticed a glowing shapeshifter
  1219 | D:2      | an adder changed into a glowing shapeshifter
  1219 | D:2      | XOM: polymorph adder -> glowing shapeshifter
  1219 | D:2      | Noticed a two-headed ogre
  1219 | D:2      | a glowing shapeshifter changed into a two-headed ogre
  1226 | D:2      | Noticed a slime creature
  1226 | D:2      | a two-headed ogre changed into a slime creature
  1241 | D:2      | Noticed Jessica
  1252 | D:2      | XOM: summons 3 friendly demons
  1257 | D:2      | Killed Jessica
  1257 | D:2      | Reached XP level 4. HP: 7/29 MP: 4/4
  1415 | D:2      | Noticed a spriggan
  1491 | D:2      | XOM: 3-stop teleportation journey
  1640 | D:2      | Noticed a tarantella
  1646 | D:2      | Noticed a queen bee
  1646 | D:2      | a tarantella changed into a queen bee
  1678 | D:2      | XOM: blink monster(s)
  1684 | D:2      | Reached skill level 6 in Short Blades
  1899 | D:3      | XOM: confusion
  1950 | D:3      | Found a glowing drain.
  1953 | D:3      | Reached XP level 5. HP: 33/33 MP: 5/5
  1984 | Sewer    | Entered a sewer
  2137 | Sewer    | XOM: enchant monster (good)
  2307 | Sewer    | XOM: cast spell 'Call Canine Familiar'
  2612 | Sewer    | XOM: blink monster(s)
  2992 | D:3      | Reached skill level 7 in Short Blades
  3021 | D:3      | XOM: god gift: plate armour {god gift}
  3023 | D:3      | XOM: god gift: wand of polymorph (7)
  3030 | D:3      | Reached XP level 6. HP: 24/39 MP: 6/6
  3042 | D:3      | XOM: summons 6 friendly demons
  3120 | D:3      | XOM: harmless Tmut miscast
  3204 | D:3      | XOM: harmless Tmut miscast
  3244 | D:3      | XOM: scenery: create altars
  3437 | D:3      | Found a glowing golden altar of the Shining One.
  3644 | D:4      | Noticed a dream sheep
  3644 | D:4      | Noticed a dream sheep
  3644 | D:4      | Noticed a dream sheep
  3644 | D:4      | Noticed a dream sheep
  3644 | D:4      | Noticed a dream sheep
  3644 | D:4      | Found a shimmering altar of Xom.
  3649 | D:4      | Killed a dream sheep
  3649 | D:4      | Reached skill level 8 in Short Blades
  3649 | D:4      | Killed a dream sheep
  3649 | D:4      | Killed a dream sheep
  3649 | D:4      | Killed a dream sheep
  3649 | D:4      | Killed a dream sheep
  3774 | D:5      | Entered Level 5 of the Dungeon
  3790 | D:5      | Noticed a shapeshifter
  3790 | D:5      | an adder changed into a shapeshifter
  3790 | D:5      | Noticed a komodo dragon
  3790 | D:5      | a shapeshifter changed into a komodo dragon
  3793 | D:5      | XOM: summons friendly shadow imp
  3795 | D:5      | Slain by a komodo dragon (shapeshifter)

Levels and vault maps discovered:
D:1:      minmay_arrival_shattered_statue, layout_loops_corners
D:2:      lemuel_upstairs_altar, layout_loops_ring, minmay_between, uniq_jessica
D:3:      layout_loops_ring, first_ration, portal_sewer_entry_b, tso_altar
D:4:      layout_layer_cave, okawaru_metal_pillars_1_2, kb_xom_exploding_sheep,
          uniq_pikel
D:5:      layout_basic, nicolae_gozag_seed_capital, basic_altar,
          skrybe_limestone_x, grunt_decor_resistance, sigmund_edmund_badplayer,
          uniq_grinder

Skill      XL: |  1  2  3  4  5  6 |
---------------+-------------------+-----
Short Blades   | 5 6 7 8 |  8.1
Fighting       | 4 |  4.5
Dodging        | 3 |  3.8
Armour         | |  0.7

Action                   |  1- 3 |  4- 6 || total
-------------------------+-------+-------++-------
Melee: Short sword       |   116 |   307 ||   423
 Fire: Hand crossbow     |     1 |     1 ||     2
Throw: Dart              |       |     2 ||     2
Evoke: Wand              |       |     3 ||     3
  Use: Scroll            |     6 |     5 ||    11
       Potion            |       |     4 ||     4
 Stab: Paralysed         |     1 |       ||     1
       Confused          |     1 |     2 ||     3
       Sleeping          |       |     1 ||     1
  Eat: Chunk             |     7 |    11 ||    18
Armor: Leather armour    |    33 |    65 ||    98
Dodge: Dodged            |    77 |   178 ||   255

Table legend:
 A = Non-vault XP
 B = Vault XP
 C = Vault XP percentage of total XP
 D = Non-vault monster count
 E = Vault monster count
 F = Vault count percentage of total count
                 A         B        C        D         E       F
            +---------+---------+-------+---------+---------+-------
      Total |     374 |     143 |  27.7 |      70 |      31 |  30.7
            +---------+---------+-------+---------+---------+-------
        D:1 |      30 |       0 |   0.0 |      18 |       0 |   0.0
        D:2 |      57 |      32 |  36.0 |      16 |       3 |  15.8
        D:3 |     189 |      31 |  14.1 |      30 |       7 |  18.9
        D:4 |      55 |       0 |   0.0 |       4 |       0 |   0.0
        D:5 |      43 |       0 |   0.0 |       2 |       0 |   0.0
      Sewer |       0 |      80 | 100.0 |       0 |      21 | 100.0
            +---------+---------+-------+---------+---------+-------
